 Dungeon Crawl Stone Soup version 0.29-a0-721-g7f417c9bbb (webtiles) character file.

Game seed: 1445768524897995603

240 inmateoo the Digger (level 6, -4/35 HPs)
             Began as a Gargoyle Earth Elementalist on June 27, 2022.
             Slain by an orc priest
             ... wielding a +0 flail
              (7 damage)
             ... on level 4 of the Dungeon.
             The game lasted 00:04:08 (3895 turns).

inmateoo the Digger (Gargoyle Earth Elementalist)   Turns: 3895, Time: 00:04:08

Health: -4/35      AC: 10    Str: 11    XL:     6   Next: 8%
Magic:  5/10       EV: 12    Int: 22    God:
Gold:   253        SH:  0    Dex: 14    Spells: 4/10 levels left

rFire   + . .      SeeInvis .   h - staff of earth
rCold   + . .      Faith    .   (no shield)
rNeg    + . .      Spirit   .   g - +2 robe of Dianieso {+Inv Int+4 Dex+4}
rPois   ∞          Reflect  .   e - +1 helmet
rElec   +          Harm     .   k - scarf {rC+ rF+}
rCorr   .          Rampage  .   (no gloves)
Will    .....                   (no boots)
Stlth   ++........              (no amulet)
HPRegen 0.11/turn               (no ring)
MPRegen 0.12/turn               (no ring)

@: no status effects
A: sickness immunity, AC +4, negative energy resistance 1, electricity
resistance, torment resistance 1, petrification resistance
a: Evoke Invisibility


You were on level 4 of the Dungeon.
You visited 1 branch of the dungeon, and saw 4 of its levels.

You collected 253 gold pieces.

Inventory:

Missiles
 d - 2 throwing nets (quivered)
Armour
 e - a +1 helmet (worn)
 g - the +2 robe of Dianieso (worn) {+Inv Int+4 Dex+4}
   (You found it on level 2 of the Dungeon)

   Int:       It affects your intelligence (+4).
   Dex:       It affects your dexterity (+4).
   +Inv:      It lets you turn invisible.
 k - a scarf of resistance (worn)
Magical Staves
 h - a staff of earth (weapon)
Jewellery
 n - the ring of Ijona {rPois rCorr Int+6 SInv Stlth+}
   (You took it off a gnoll on level 3 of the Dungeon)

   [ring of intelligence]

   Int:       It affects your intelligence (+6).
   rPois:     It protects you from poison.
   SInv:      It lets you see invisible.
   rCorr:     It protects you from acid and corrosion.
   Stlth:     It makes you more stealthy.
 q - a ring of magical power
Scrolls
 f - 2 scrolls of fog
 p - a scroll of magic mapping
Potions
 a - a potion of brilliance
 b - a potion of magic
 c - 2 potions of might {unknown}
 i - a potion of cancellation {unknown}
 j - a potion of haste {unknown}
 l - 2 potions of flight {unknown}
 m - 2 potions of degeneration {unknown}
 o - 2 potions of attraction {unknown}


   Skills:
 - Level 2.0 Fighting
 - Level 2.0 Armour
 - Level 2.0 Dodging
 - Level 3.0 Stealth
 + Level 2.7 Spellcasting
 + Level 1.7 Conjurations
 + Level 2.0 Transmutations
 + Level 4.6 Earth Magic


You had 4 spell levels left.
You knew the following spells:

 Your Spells              Type           Power      Damage    Failure   Level
a - Sandblast             Erth           70%        2d15      1%          1
b - Passwall              Tmut/Erth      21%        N/A       4%          2
c - Stone Arrow           Conj/Erth      50%        3d10      11%         3

Your spell library contained the following spells:

 Spells                   Type           Power      Damage    Failure   Level
 Sting                    Tmut/Pois      28%        1d4       9%          1
 Poisonous Vapours        Pois/Air       6%         N/A       19%         2
 Petrify                  Tmut/Erth      26%        N/A       32%         4
 Olgreb's Toxic Radiance  Pois           3%         N/A       77%         4
 Freezing Cloud           Conj/Ice/Air   2%         6-21      95%         5
 Simulacrum               Ice/Necr       1%         N/A       100%        6
 Polar Vortex             Ice            1%         N/A       100%        9


Dungeon Overview and Level Annotations

Branches:
Dungeon (4/15)
 Temple: D:4-7

Altars:
Fedhas
Sif Muna

Shops:
D:1 *


Innate Abilities, Weirdness & Mutations

You are immune to sickness and miasma.
Your stone body is resilient. (AC +4)
You are immune to poison.
You resist negative energy. (rN+)
You are resistant to electric shocks. (rElec)
You are resistant to unholy torment.
You are immune to petrification.


Message History

The orc priest calls down the wrath of Beogh upon you.
You barely resist.
Casting: Sandblast (safe; 1% risk of failure)
Confirm with . or Enter, or press ? or * to list all spells.
Aiming: Sandblast (safe; 1% risk of failure)
Press: ? - help, Shift-Dir - straight line, f/p - orc priest
Aim: an orc priest, wielding a +0 flail and wearing a +0 ring mail (heavily wounded, 84% to hit)
You feel a surge of power!
The blast of sand hits the orc priest.
The orc priest is heavily wounded.
The orc priest mumbles some strange prayers to Beogh against you.
You are unaffected.
The orc priest invokes the aid of Beogh against you.
Beogh smites you!
Casting: Sandblast (safe; 1% risk of failure)
Confirm with . or Enter, or press ? or * to list all spells.
Aiming: Sandblast (safe; 1% risk of failure)
Press: ? - help, Shift-Dir - straight line, f/p - orc priest
Aim: an orc priest, wielding a +0 flail and wearing a +0 ring mail (heavily wounded, 84% to hit)
You feel a surge of power!
The blast of sand hits the orc priest.
The orc priest is almost dead.
The orc priest hits you with a +0 flail.
* * * LOW HITPOINT WARNING * * *
The orc priest hits you with a +0 flail.
* * * LOW HITPOINT WARNING * * *
Unknown command.
Casting: Sandblast (safe; 1% risk of failure)
Confirm with . or Enter, or press ? or * to list all spells.
Aiming: Sandblast (safe; 1% risk of failure)
Press: ? - help, Shift-Dir - straight line, f/p - orc priest
Aim: an orc priest, wielding a +0 flail and wearing a +0 ring mail (almost dead, 84% to hit)
You feel a surge of power!
The blast of sand misses the orc priest.
The blast of sand hits the orc wizard.
The orc wizard is moderately wounded.
The orc priest hits you but does no damage.
The orc wizard mumbles some strange words.
The orc wizard flickers and vanishes!
Deactivating autopickup; reactivate with Ctrl-A.
The orc priest hits you with a +0 flail!
You die...

.. #..#
#..# ##
#..# ..
#..# #.
#).# #. #{.
#. #o# #.
#@#
#.######.
#)##
.........
#(.#
#.#####..
##.#
#.#.#####..
#.#
#.#.#......
#.#
#.#.#.###..
#.#
#.#.#.##...
#.#
#.#........
#.#
#.###.##..#


You could see an orc priest.

Vanquished Creatures
  An orc wizard (D:3)
  5 adders
  8 gnolls
  A dart slug (D:2)
  13 orcs
  7 bats
  8 endoplasms
  2 giant cockroaches
  3 goblins
  4 hobgoblins
  4 jackals (D:1)
  8 kobolds
  A quokka (D:1)
  7 ball pythons
  A frilled lizard (D:2)
  8 rats
81 creatures vanquished.

Vanquished Creatures (others)
  An orc wizard (D:3)
1 creature vanquished.

Grand Total: 82 creatures vanquished

Notes
Turn   | Place    | Note
-------+----------+-------------------------------------------
     0 | D:1      | inmateoo the Gargoyle Earth Elementalist began the quest
                  | for the Orb.
     0 | D:1      | Reached XP level 1. HP: 10/10 MP: 3/3
   132 | D:1      | Reached skill level 1 in Transmutations
   136 | D:1      | Reached XP level 2. HP: 15/15 MP: 0/5
   480 | D:1      | Learned a level 2 spell: Passwall
   845 | D:1      | Reached XP level 3. HP: 20/20 MP: 0/6
  1115 | D:1      | Found Atygin's General Store.
  1147 | D:1      | Reached skill level 1 in Armour
  1151 | D:1      | Learned a level 3 spell: Stone Arrow
  1600 | D:2      | Identified the +2 robe of Dianieso {+Inv Int+4 Dex+4}
  1748 | D:2      | Reached skill level 1 in Fighting
  2178 | D:2      | Reached XP level 4. HP: 25/25 MP: 5/7
  2273 | D:2      | Identified a scroll of acquirement
  2273 | D:2      | Acquired a staff of earth
  2336 | D:3      | Reached skill level 4 in Earth Magic
  2615 | D:3      | Found a shimmering blue altar of Sif Muna.
  2667 | D:3      | Identified the ring of Ijona {rPois rCorr Int+6 SInv
                  | Stlth+}
  2676 | D:3      | Reached skill level 1 in Conjurations
  2677 | D:3      | Reached XP level 5. HP: 29/29 MP: 5/8
  3159 | D:3      | Found a blossoming altar of Fedhas.
  3642 | D:4      | Reached XP level 6. HP: 23/35 MP: 4/10
  3895 | D:4      | Slain by an orc priest

Illustrated notes

Levels and vault maps discovered:
D:1:      lightli_arrival_farm, layout_loops_ring, serial_shops,
          nicolae_shop_trees, minmay_hexomino_c4
D:2:      layout_basic
D:3:      layout_basic, kennysheep_orc_sif_temple, fedhas_altar_fruit_tree
D:4:      layout_loops_ring, glass_columns_a

Skill      XL: |  1  2  3  4  5  6 |
---------------+-------------------+-----
Transmutations | 1 2 |  2.0
Armour         | 1 2 |  2.0
Fighting       | 1 2 |  2.0
Dodging        | 2 |  2.0
Earth Magic    | 4 |  4.6
Conjurations   | 1 |  1.7
Stealth        | 3 |  3.0
Spellcasting   | |  2.7

Action                   |  1- 3 |  4- 6 || total
-------------------------+-------+-------++-------
Melee: Unarmed           |     6 |       ||     6
       Staff             |       |     6 ||     6
 Cast: Sandblast         |    56 |    57 ||   113
  Use: Scroll            |     5 |     3 ||     8
Armor: Robe              |    17 |    24 ||    41
Dodge: Dodged            |    29 |    29 ||    58

Table legend: (Time is in decaauts)
 A = Elapsed time spent in this place.
 B = Non-inter-level travel time spent in this place.
 C = Inter-level travel time spent in this place.
 D = Time resting spent in this place.
 E = Time spent auto-exploring this place.
 F = Levels seen in this place.
 G = Mean time per level.
                   A        B        C        D        E       F      G
               +--------+--------+--------+--------+--------+-----+--------+
         Total |   4032 |   3901 |    131 |   1110 |   2118 |   4 | 1008.0 |
       Dungeon |   4032 |   3901 |    131 |   1110 |   2118 |   4 | 1008.0 |
               +--------+--------+--------+--------+--------+-----+--------+

Top non-repeatable levels by time:
     D:1: 1455 daAuts
     D:3: 1138 daAuts
     D:2: 929 daAuts
     D:4: 508 daAuts
